Map: 캑터스 밸리 - 래더 (공허)

Players

jjakji

  • Race: Terran Terran
  • Spawn Location: 5:00

aLive - Winner!

  • Race: Terran Terran
  • Spawn Location: 11:00

Event: IEM XI Katowice - World Championship 2017

VOD

Have the link to the VOD?

Description

Time

  • Played on: March 2, 2017, 1:12 a.m.
  • Length: 18:42

All games in this series

Show
View Real Time Build Order
Export as new Build Order

jjakji Terran 

Build Orders: MMM Bio 

Get SALT Encoding   

  12  0:00  SCV  
  13  0:12  SCV  
  14  0:17  Supply Depot  
  14  0:24  SCV  
  15  0:39  Barracks  
  15  0:42  Refinery  
  15  0:55  Barracks  
  15  1:00  SCV  
  16  1:12  SCV  
  16  1:13  Refinery  
  17  1:24  SCV  
  18  1:27  Reaper  
  19  1:37  Orbital Command  
  19  1:42  Reaper  
  20  1:59  Reaper  
  20  2:00  Supply Depot  
  21  2:09  SCV  
  21  2:14  Reaper  
  23  2:21  SCV  
  24  2:31  Reaper  
  24  2:33  SCV  
  24  2:46  Reaper  
  24  2:49  Factory, SCV  
  26  2:58  Supply Depot  
  26  3:01  SCV  
  28  3:13  SCV  
  27  3:25  SCV  
  28  3:28  Command Center  
  28  3:39  Cyclone  
  31  3:51  Starport  
  31  3:54  SCV  
  32  4:06  SCV  
  32  4:18  SCV  
  32  4:20  Cyclone  
  36  4:30  SCV  
  36  4:31  Viking  
  36  4:38  Barracks Tech Lab, Barracks Reactor  
  38  4:45  Orbital Command  
  38  4:47  SCV  
  39  5:01  Factory Tech Lab  
  39  5:02  SCV  
  39  5:04  Marine  
  39  5:05  Stimpack  
  43  5:09  Orbital Command  
  43  5:17  Marine x2  
  43  5:20  Starport Reactor, Siege Tank  
  46  5:22  Marine  
  46  5:23  Barracks  
  46  5:25  SCV  
  48  5:35  Marine x2, SCV  
  51  5:38  Supply Depot  
  51  5:39  SCV  
  51  5:40  Marine  
  53  5:45  Engineering Bay  
  53  5:47  SCV  
  54  5:51  SCV  
  54  5:55  Marine x2  
  53  6:03  SCV x2  
  50  6:07  Siege Tank  
  50  6:15  SCV  
  50  6:16  Starport Reactor  
  50  6:21  SCV  
  50  6:23  Marine x2  
  50  6:24  Marine  
  50  6:25  Terran Infantry Weapons Level 1  
  54  6:27  SCV  
  54  6:30  Missile Turret  
  55  6:39  SCV x2  
  57  6:41  Supply Depot  
  57  6:48  Marine  
  57  6:49  Marine x2  
  57  6:51  Marine  
  57  6:54  Marine  
  62  7:02  Medivac  
  62  7:06  Marine x2  
  62  7:07  Marine  
  65  7:15  Supply Depot, Medivac  
  67  7:19  Combat Shields  
  67  7:27  Siege Tank  
  70  7:36  Medivac  
  72  7:42  SCV  
  72  7:43  Supply Depot  
  73  7:45  Medivac  
  73  7:46  Marine, SCV  
  73  7:49  Marine  
  73  7:51  Marine  
  78  8:04  Marine x3, Siege Tank, SCV  
  85  8:08  Supply Depot  
  85  8:10  Refinery  
  85  8:14  Marine  
  86  8:24  Terran Infantry Armor Level 1  
  86  8:30  Marine x4  
  89  8:41  Marine  
  87  8:44  Siege Tank  
  87  8:47  Marine, SCV  
  87  8:48  SCV, Refinery  
  92  8:52  Marine x2  
  94  9:03  Supply Depot  
  94  9:04  Supply Depot  
  94  9:19  Marine  
  94  9:25  Marine, Medivac x2  
  94  9:27  Command Center  
  94  9:30  SCV, Barracks  
  100  9:32  Barracks  
  100  9:39  Marine  
  100  9:40  Marine x3  
  100  9:42  Marine  
  104  9:46  Siege Tank  
  102  9:55  Medivac  
  102  9:57  Marine x2  
  101  10:09  Marine  
  87  10:17  Marine x3  
  77  10:24  Marine  
  77  10:27  Marine  
  68  10:35  Marine x3  
  67  10:42  Marine  
  70  10:55  Marine x4, Orbital Command  
  71  10:59  Medivac  
  71  11:04  Marine  
  73  11:17  Marine x2  
  75  11:28  Marine x2  
  77  11:33  Marine  
  64  11:54  Marine x2  
  56  11:56  Marine  
  47  13:12  Orbital Command  
  39  14:08  Supply Depot  
  39  14:09  Supply Depot  
  37  14:10  Supply Depot  
  37  14:12  Marine x2  
  39  14:19  Marine x2  
  39  14:22  Siege Tank  
  39  14:23  Marine  
  39  14:30  Marine x2, Medivac  
  43  14:34  SCV  
  43  14:35  Supply Depot  
  43  14:37  Marine x2  
  46  14:40  Marine  
  47  14:48  Marine x2  
  49  14:54  Siege Tank  
  49  14:55  Marine x2  
  49  14:57  Refinery  
  49  14:59  Refinery  
  54  15:01  Marine  
  54  15:05  Marine  
  56  15:12  Marine  
  57  15:15  Marine  
  57  15:16  Marine  
  57  15:19  Marine  
  60  15:25  Marine  
  61  15:29  SCV  
  61  15:30  Marine  
  61  15:33  Marine  
  64  15:38  Marine x2  
  65  15:44  Marine  
  65  15:48  Marine  
  67  15:51  Marine  
  67  15:56  Marine  
  69  16:13  Marine  
  69  16:14  Marine  
  69  16:15  Marine  
  69  16:16  Marine  
  69  16:17  Marine  
  54  16:31  Marine  
  54  16:32  Marine  
  56  16:33  Marine  
  56  16:34  Marine x2  
  56  16:37  Siege Tank  
  62  16:48  Supply Depot  
  62  16:49  Marine  
  63  16:57  Marine x2  
  63  16:58  Marine  
  66  17:09  Marine  
  66  17:10  Marine  
  66  17:15  Marine  
  67  17:20  Marine  
  69  17:36  Marine x3  
  71  17:51  Marine x2  
  60  17:55  Marine  
  60  17:56  Marine  
  47  18:02  Marine  
  44  18:09  Marine  
  44  18:12  Marine  
Show
View Real Time Build Order
Export as new Build Order

aLive Terran - Winner!

Build Orders: Cyclone Opening, Reaper Expand 

Get SALT Encoding   

  12  0:00  SCV  
  13  0:12  SCV  
  14  0:17  Supply Depot  
  14  0:24  SCV  
  15  0:29  Refinery  
  15  0:38  SCV  
  16  0:45  Barracks  
  16  0:50  SCV  
  17  1:02  SCV  
  18  1:15  SCV  
  19  1:31  Orbital Command  
  19  1:32  Reaper  
  20  1:45  Command Center  
  20  1:56  Factory  
  20  2:00  SCV  
  21  2:07  Marine  
  22  2:11  Supply Depot  
  22  2:12  Refinery  
  22  2:13  SCV  
  22  2:16  Bunker  
  22  2:25  Marine  
  23  2:32  SCV  
  23  2:40  Cyclone  
  23  2:43  Marine  
  24  2:45  SCV  
  25  2:56  Starport  
  25  2:57  SCV  
  26  3:00  Marine  
  27  3:06  Supply Depot  
  27  3:09  SCV  
  27  3:19  Marine  
  28  3:21  SCV  
  29  3:28  Cyclone  
  29  3:33  Starport Tech Lab, SCV  
  33  3:37  Barracks Reactor  
  33  3:45  SCV  
  34  3:57  SCV  
  39  4:07  Cloaking Field  
  39  4:09  SCV  
  37  4:19  Banshee  
  37  4:20  Supply Depot  
  37  4:22  Command Center  
  38  4:30  SCV  
  39  4:33  Factory Tech Lab  
  39  4:41  Marine x2  
  39  4:42  Supply Depot  
  39  4:43  SCV  
  42  4:53  Siege Tank  
  42  4:59  Marine x2  
  47  5:04  SCV  
  47  5:06  Supply Depot  
  48  5:08  Banshee  
  51  5:16  SCV  
  51  5:20  Marine  
  51  5:21  Marine  
  54  5:27  Siege Tank  
  54  5:28  SCV  
  58  5:40  Supply Depot, SCV  
  58  5:42  Orbital Command  
  59  5:52  SCV  
  59  5:54  Marine x2  
  62  5:58  Raven  
  64  6:04  SCV  
  65  6:13  SCV  
  65  6:16  SCV  
  67  6:18  Supply Depot  
  67  6:22  Barracks x2  
  67  6:23  Marine x2  
  67  6:25  SCV  
  67  6:29  Engineering Bay  
  67  6:32  Siege Tank  
  70  6:35  Refinery  
  70  6:36  Refinery  
  70  6:37  SCV  
  72  6:40  SCV  
  72  6:45  Marine  
  72  6:46  Marine  
  74  6:49  Starport Reactor, SCV  
  74  6:52  SCV  
  76  6:56  Terran Infantry Weapons Level 1  
  76  6:59  Supply Depot  
  76  7:01  SCV  
  76  7:04  SCV  
  75  7:12  Barracks Tech Lab  
  75  7:14  SCV  
  76  7:16  Marine x2, SCV  
  82  7:23  Marine, Stimpack  
  82  7:25  Supply Depot  
  82  7:26  Medivac x2  
  84  7:34  SCV x2  
  86  7:37  Marine x2  
  86  7:38  Marine, Combat Shields  
  86  7:41  Marine, Supply Depot  
  89  7:52  Siege Tank  
  89  7:55  Marine x3  
  95  7:58  Marine  
  95  8:06  Medivac x2  
  95  8:12  SCV x2  
  100  8:13  Command Center  
  100  8:17  Marine x4  
  103  8:25  Barracks  
  103  8:26  Barracks  
  101  8:35  Marine  
  101  8:39  Marine x3  
  96  8:44  Viking, Siege Tank  
  96  8:45  Viking  
  101  8:52  SCV  
  101  8:53  Marine, SCV  
  104  8:58  Marine x3  
  104  8:59  Terran Infantry Armor Level 1  
  105  9:05  Liberator  
  105  9:06  Liberator  
  105  9:10  Marine  
  105  9:14  Barracks Reactor  
  105  9:16  Barracks Reactor  
  106  9:26  Marine  
  106  9:27  Marine x2  
  106  9:28  Marine  
  109  9:40  Siege Tank  
  109  9:44  Marine x3  
  115  9:46  Marine  
  116  9:56  Barracks Reactor  
  116  9:59  Marine x2  
  118  10:00  Supply Depot  
  118  10:01  Supply Depot  
  118  10:02  Supply Depot x2  
  118  10:03  Marine  
  118  10:09  Marine x2  
  118  10:10  Medivac x2  
  95  10:25  Marine  
  95  10:26  Marine  
  95  10:27  Siege Tank  
  92  10:44  SCV  
  93  10:56  SCV  
  96  10:59  Siege Tank  
  96  11:01  Orbital Command  
  95  11:10  SCV  
  96  11:16  Marine x3  
  98  11:19  Marine  
  98  11:22  SCV  
  100  11:30  Marine  
  81  11:57  Siege Tank  
  74  12:09  Marine  
  74  12:10  Marine x3  
  68  12:27  Marine x3  
  63  12:31  Marine, Siege Tank  
  51  12:45  Marine x2, SCV x2  
  51  12:49  Marine  
  51  12:51  Marine  
  54  12:57  Barracks  
  54  12:58  Barracks  
  53  13:03  Marine  
  51  13:08  Marine  
  52  13:15  Bunker  
  52  13:17  Factory Tech Lab  
  51  13:24  Marine  
  54  13:30  Barracks Reactor  
  52  13:36  Siege Tank  
  52  13:39  Barracks Reactor  
  55  13:41  Marine, Starport  
  50  13:58  SCV  
  50  13:59  Marine, SCV  
  53  14:06  Barracks Reactor  
  53  14:08  Siege Tank, Barracks Reactor  
  53  14:09  Marine x2  
  55  14:17  Marine  
  56  14:24  Marine x2, Viking  
  56  14:27  Marine x2  
  62  14:35  Marine  
  62  14:42  Marine x2  
  62  14:44  Marine x2  
  67  14:47  Marine  
  67  14:51  Marine  
  67  14:52  Marine x2  
  70  14:53  Marine  
  70  14:58  Medivac  
  72  15:13  Marine  
  72  15:14  Marine x4, Orbital Command  
  76  15:16  Marine  
  78  15:24  Siege Tank  
  81  15:31  Medivac  
  83  15:45  SCV  
  83  15:46  SCV  
  83  15:47  Marine  
  81  16:09  Marine  
  81  16:10  Marine x6  
  88  16:16  SCV x2  
  69  16:27  Marine  
  69  16:28  Marine  
  69  16:29  Marine x2  
  73  16:33  SCV x2  
  74  16:52  Siege Tank, Medivac  
  79  16:58  Marine x3  
  82  17:07  Marine x3  
  85  17:09  Marine  
  85  17:11  Marine  
  85  17:13  Marine  
  88  17:17  Marine x2  
  90  17:33  Siege Tank, Medivac  
  95  17:39  Marine x4  
  95  17:41  Marine  
  79  17:52  Marine x4  
  79  17:57  Marine  
  76  18:02  Marine x4  
  80  18:09  Siege Tank  
  80  18:10  Marine  
  80  18:12  Marine  
  85  18:14  Marine  
  86  18:22  Marine x4  
  86  18:23  Marine  
  86  18:24  Marine  

Tags
 
Add a new tag
Caveats
  • Supply blocks, unpowered buildings, or Contaminate may cause inaccurate times.
  • Supply counts are checked every 10 seconds.